 Dungeon Crawl Stone Soup version 0.17.1-2-g5865329 (webtiles) character file.

208 Jerry the Ducker (level 5, 0/34 HPs)
             Began as an Octopode Wizard on Feb 10, 2016.
             Slain by a worker ant (1 damage)
             ... on level 4 of the Dungeon.
             The game lasted 00:18:07 (4187 turns).

Jerry the Ducker (Octopode Wizard)                  Turns: 4187, Time: 00:18:07

Health: 0/34       AC:  1    Str:  7    XL:     5   Next: 86%
Magic:  8/9        EV: 14    Int: 21    God:
Gold:   144        SH:  0    Dex: 10    Spells: 2 memorised, 6 levels left

rFire  + . .     SeeInvis .     w - +0 rapier
rCold  . . .     Clarity  +     (no shield)
rNeg   . . .     SustAt   .     a - +0 hat
rPois  .         Gourm    .     y - amulet of clarity
rElec  .         Spirit   .     v - ring of protection from fire
rCorr  .         Warding  .     t - +1 ring of evasion
rMut   .         Stasis   .     (no ring)
MR     .....                    (no ring)
Stlth  +++.......               (no ring)
                                (no ring)
                                (no ring)
                                (no ring)

@: not resistant to hostile enchantments, fairly stealthy
A: almost no armour, amphibious, 8 rings, constrict 8, camouflage 1, gelatinous
body 1
a: no special abilities


You were on level 4 of the Dungeon.
You were not hungry.

You visited 1 branch of the dungeon, and saw 5 of its levels.

You collected 144 gold pieces.

Inventory:

Hand Weapons
 p - a +0 trident
 w - a +0 rapier (weapon)
Armour
 a - a +0 hat (worn)
Jewellery
 t - a +1 ring of evasion (right tentacle)
 v - a ring of protection from fire (left tentacle)
 y - an amulet of clarity (around mantle)
Scrolls
 e - a scroll of enchant weapon
 f - a scroll of blinking
 i - a scroll of random uselessness {unknown}
 k - a scroll of identify
Potions
 g - 2 potions of haste {unknown}
 j - 2 potions of lignification {unknown}
 l - a potion of heal wounds {unknown}
 o - a potion of brilliance {unknown}
 q - a potion of agility {unknown}
 s - 2 potions of curing {unknown}
 u - a potion of mutation {unknown}
Books
 b - a book of Minor Magic

   Spells                             Type                      Level
   a - Magic Dart                     Conjuration                  1
   b - Blink                          Translocation                2
   c - Call Imp                       Summoning                    2
   d - Repel Missiles                 Charms/Air                   2
   e - Slow                           Hexes                        2
   f - Conjure Flame                  Conjuration/Fire             3
   g - Mephitic Cloud                 Conjuration/Poison/Air       3
Comestibles
 c - a bread ration
 h - a royal jelly
 m - 3 slices of pizza
 r - a fruit


   Skills:
 - Level 2.1 Fighting
 + Level 3.8 Dodging
 - Level 3.0 Stealth
 - Level 3.0 Spellcasting
 - Level 3.2 Conjurations
   Level 1.0 Summonings
   Level 1.0 Translocations
 + Level 0.6 Air Magic
 + Level 0.8 Poison Magic


You had 6 spell levels left.
You knew the following spells:

 Your Spells              Type           Power        Failure   Level  Hunger
a - Magic Dart            Conj           ###.         3%          1    None
b - Mephitic Cloud        Conj/Pois/Air  #.......     24%         3    ###....


Dungeon Overview and Level Annotations

Branches:
Dungeon (5/15)
 Temple: D:4-7

Altars:
Vehumet

Annotations:
D:5 SedStubbie's ghost, novice OpGl


Innate Abilities, Weirdness & Mutations

You cannot wear most types of armour.
You are amphibious.
You can wear up to eight rings at the same time.
You can use your tentacles to constrict eight enemies at once.
Your skin changes colour to match your surroundings (Stealth).
Your rubbery body absorbs attacks (AC +1).


Message History

The phantom blinks!
You feel sick.
You see here a mace.
You feel sick.
You feel sick.
You feel sick.
You are no longer poisoned.
Casting: Magic Dart
Confirm with . or Enter, or press ? or * to list all spells.
Aiming: Magic Dart
Press: ? - help, Shift-Dir - straight line, f - worker ant
Aim: a worker ant (lightly wounded)
The magic dart hits the worker ant.
The worker ant is heavily wounded.
The worker ant bites you.
* * * LOW HITPOINT WARNING * * *
You hit the worker ant. You grab the worker ant.
The worker ant is severely wounded.
You constrict the worker ant. The worker ant bites you.
You die...

#.####### #.#
##############
#.#
.....)...a...#
#.#
############.#
####.# #.#
#....# #.#
#.####
#.####.#
#...a@.#
########


You could see a worker ant.

Vanquished Creatures
  A scorpion (D:4)
  Terence (D:3)
  A worker ant (D:4)
  4 adders
  An ooze (D:4)
  2 worms (D:2)
  4 giant geckos
  An orc (D:3)
  4 ball pythons
  7 goblins
  8 hobgoblins
  8 jackals
  7 kobolds
  A quokka (D:3)
  7 bats
  A giant cockroach (D:2)
  2 giant newts
  A jackal skeleton (D:4)
  6 rats
67 creatures vanquished.

Notes
Turn   | Place    | Note
--------------------------------------------------------------
     0 | D:1      | Jerry the Octopode Wizard began the quest for the Orb.
     0 | D:1      | Reached XP level 1. HP: 11/11 MP: 4/4
   176 | D:1      | Reached XP level 2. HP: 10/18 MP: 0/6
   546 | D:1      | Reached skill level 1 in Fighting
  1007 | D:2      | Reached XP level 3. HP: 21/23 MP: 4/7
  1915 | D:2      | Found a radiant altar of Vehumet.
  1935 | D:2      | Reached XP level 4. HP: 29/29 MP: 8/8
  2861 | D:3      | Noticed Terence
  2964 | D:3      | Killed Terence
  2964 | D:3      | Reached XP level 5. HP: 18/34 MP: 9/9
  3645 | D:3      | Learned a level 3 spell: Mephitic Cloud
  3784 | D:4      | Noticed a phantom
  3811 | D:5      | Entered Level 5 of the Dungeon
  3811 | D:5      | Noticed a phantom
  3811 | D:5      | Noticed an ice beast
  3952 | D:5      | Noticed SedStubbie's ghost (novice OpGl)
  4186 | D:4      | HP: 1/34 [worker ant (3)]
  4187 | D:4      | Slain by a worker ant

Action                   |  1- 3 |  4- 6 || total
-------------------------+-------+-------++-------
Melee: Club              |     8 |       ||     8
       Dagger            |     9 |    42 ||    51
       Trident           |       |     4 ||     4
       Rapier            |       |     3 ||     3
 Cast: Magic Dart        |    52 |    83 ||   135
  Use: Scroll            |       |     8 ||     8
       Potion            |       |     1 ||     1
 Stab: Sleeping          |     3 |     3 ||     6
  Eat: Chunk             |     3 |     4 ||     7
       Bread ration      |       |     1 ||     1
